 Dungeon Crawl Stone Soup version 0.29-a0-1033-gb6c65ffae6 (webtiles) character file.

Game seed: 657015841104799975

4 Zonian the Chiller (level 1, 0/9 HPs)
             Began as a Vine Stalker Ice Elementalist on Aug 15, 2022.
             Slain by a jackal (2 damage)
             ... on level 1 of the Dungeon.
             The game lasted 00:01:30 (227 turns).

Zonian the Chiller (Vine Stalker Ice Elementalist)   Turns: 227, Time: 00:01:31

Health: 0/9        AC:  2    Str: 10    XL:     1   Next: 70%
Magic:  0/4        EV: 12    Int: 15    God:
Gold:   0          SH:  0    Dex: 14    Spells: 3/4 levels left

rFire   . . .      SeeInvis .   c - +0 dagger
rCold   . . .      Faith    .   (no shield)
rNeg    . . .      Spirit   +   a - +0 robe
rPois   .          Reflect  .   (no helmet)
rElec   .          Harm     .   (no cloak)
rCorr   .          Rampage  .   (no gloves)
Will    .....                   (no boots)
Stlth   ++........              (no amulet)
HPRegen 0.03/turn               (no ring)
MPRegen 0.09/turn               (no ring)

@: very slightly contaminated
A: fangs 2, magic shield, antimagic bite, no potion heal 2
a: no special abilities


You were on level 1 of the Dungeon.
You visited 1 branch of the dungeon, and saw 1 of its levels.

Inventory:

Hand Weapons
 c - a +0 dagger (weapon)
Armour
 a - a +0 robe (worn)


   Skills:
 + Level 1.6 Dodging
 + Level 2.6 Stealth
 + Level 2.3 Spellcasting
 + Level 4.0 Ice Magic


You had 3 spell levels left.
You knew the following spells:

 Your Spells              Type           Power      Damage    Failure   Level
a - Freeze                Ice            52%        1d7       4%          1

Your spell library contained the following spells:

 Spells                   Type           Power      Damage    Failure   Level
 Frozen Ramparts          Ice            26%        1d4       12%         3
 Ozocubu's Armour         Ice            13%        N/A       12%         3
 Hailstorm                Conj/Ice       7%         3d4       67%         4


Dungeon Overview and Level Annotations

Branches:
Dungeon (1/15)

Altars:


Innate Abilities, Weirdness & Mutations

You have extremely sharp teeth.
When hurt, damage is shared between your health and your magic reserves.
Your bite disrupts and absorbs the magic of your enemies.
Potions cannot restore your health.


Message History

You hit the jackal.
The jackal is heavily wounded.
The jackal bites you but does no damage.
The jackal closely misses you.
You barely miss the jackal.
The jackal is heavily wounded.
The jackal closely misses you. The jackal completely misses you.
The jackal bites you.
The jackal bites you but does no damage.
The jackal barely misses you.
You miscast Freeze.
You are very lightly contaminated with residual magic.
Nothing appears to happen.
The jackal bites you.
You freeze the jackal.
The jackal is moderately wounded.
Unknown command.
Magic courses through your body. The jackal closely misses you.
Casting: Freeze (safe; 4% risk of failure)
Confirm with . or Enter, or press ? or * to list all spells.
Aiming: Freeze (safe; 4% risk of failure)
Press: ? - help, Shift-Dir - straight line, f/p - jackal
Aim: a jackal (moderately wounded)
You freeze the jackal.
The jackal is severely wounded.
The jackal bites you. x2; The jackal completely misses you. x2
The jackal bites you.
* * * LOW HITPOINT WARNING * * *
Casting: Freeze (safe; 4% risk of failure)
Confirm with . or Enter, or press ? or * to list all spells.
Aiming: Freeze (safe; 4% risk of failure)
Press: ? - help, Shift-Dir - straight line, f/p - jackal
Aim: a jackal (severely wounded)
You freeze the jackal.
You kill the jackal!
The jackal pauses to sniff the ground.
The jackal closely misses you. x2
You hit the jackal.
The jackal is almost dead.
The jackal bites you.
You die...

#...#####...#
#.8.......8.#
#...........#
#.......#
#...<...# #
#.......# #.
#....)..# #..
#hh.....# #...
#@h...†.# .
.....###)..###...
#......#'''#.....
#..^....h........
#.....♣.....♣....
#................
#.....♣.....♣....
#................
#.....♣.....♣....


You could see 3 jackals.

Vanquished Creatures
  An endoplasm (D:1)
  A jackal (D:1)
  A goblin (D:1)
  2 kobolds (D:1)
5 creatures vanquished.

Notes
Turn   | Place    | Note
-------+----------+-------------------------------------------
     0 | D:1      | Zonian the Vine Stalker Ice Elementalist began the quest
                  | for the Orb.
     0 | D:1      | Reached XP level 1. HP: 9/9 MP: 4/4
   227 | D:1      | Slain by a jackal

Illustrated notes

Levels and vault maps discovered:
D:1:      wander_arrival_estate, layout_loops_corners,
          hellmonk_ecumenical_altar_blasted, nrook_campfire

Action                   || total
-------------------------++-------
Melee: Dagger            ||     6
       Unarmed           ||     3
       Bite              ||     1
 Cast: Freeze            ||     6
  Use: Potion            ||     1
Armor: Robe              ||     3
Dodge: Dodged            ||    12

Table legend: (Time is in decaauts)
 A = Elapsed time spent in this place.
 B = Non-inter-level travel time spent in this place.
 C = Inter-level travel time spent in this place.
 D = Time resting spent in this place.
 E = Time spent auto-exploring this place.
 F = Levels seen in this place.
 G = Mean time per level.
                   A        B        C        D        E       F      G
               +--------+--------+--------+--------+--------+-----+--------+
         Total |    226 |    226 |      0 |    137 |      0 |   1 |  226.0 |
       Dungeon |    226 |    226 |      0 |    137 |      0 |   1 |  226.0 |
               +--------+--------+--------+--------+--------+-----+--------+

Top non-repeatable levels by time:
     D:1: 226 daAuts
